 Dungeon Crawl Stone Soup version 0.32-a0-306-gfed3edf829 (console) character file.

Game seed: 12552550896411657669

24504 jejorda2 the Cleaver (level 13, -7/104 HPs)
             Began as a Gnoll Berserker on Feb 14, 2024.
             Was a High Priest of Trog.
             Mangled by a large abomination (27 damage)
             ... in a Gauntlet.
             The game lasted 00:49:11 (13975 turns).

jejorda2 the Cleaver (Gnoll Berserker)             Turns: 13975, Time: 00:49:12

Health: -7/104     AC: 27    Str: 21    XL:     13   Next: 13%
Magic:  0/25       EV: 12    Int: 10    God:    Trog [*****.]
Gold:   434        SH:  6    Dex: 14    Spells: 28/28 levels left

rFire   . . .        a - +4 hand axe (elec)
rCold   . . .        k - +0 buckler
rNeg    . . .        y - +8 chain mail "Meopn" {Int+2 Dex+3}
rPois   .            g - +0 helmet {SInv}
rElec   .            p - +0 cloak
rCorr   .            I - +0 pair of gloves
SInv    +            r - +2 pair of boots
Will    .....        n - amulet of guardian spirit
Stlth   +            m - +4 ring of slaying
HPRegen 0.37/turn    H - +4 ring of slaying
MPRegen 0.19/turn

%: no teleportation, guardian spirit
@: on berserk cooldown, studying Polearms
A: fangs 1, strong nose, distributed training
a: Renounce Religion, Berserk, Trog's Hand, Brothers in Arms


You were in a Gauntlet.
You worshipped Trog.
Trog was extremely pleased with you.
You visited 2 branches of the dungeon, and saw 14 of its levels.
You also visited: Ossuary, Bailey and Gauntlet.

You collected 830 gold pieces.
You spent 396 gold pieces at shops.

Inventory:

Hand Weapons
 a - a +4 hand axe of electrocution (weapon)
 b - a +2 whip of electrocution
Missiles
 f - 2 curare-tipped darts
 j - 31 poisoned darts (quivered)
 o - 2 silver javelins
 v - 10 boomerangs
 G - 5 darts of dispersal
 T - a throwing net
Armour
 g - a +0 helmet of see invisible (worn)
 k - a +0 buckler (worn)
 p - a +0 cloak (worn)
 r - a +2 pair of boots (worn)
 y - the +8 chain mail "Meopn" (worn) {Int+2 Dex+3}
   (You found it on level 7 of the Dungeon)

   Int+2:     It affects your intelligence (+2).
   Dex+3:     It affects your dexterity (+3).
 A - +0 fire dragon scales
 D - a +2 helmet of intelligence
 I - a +0 pair of gloves (worn)
Jewellery
 c - a ring of positive energy
 m - a +4 ring of slaying (left hand)
 n - an amulet of guardian spirit (around neck)
 H - a +4 ring of slaying (right hand)
 N - a ring of ice
 O - a ring of protection from cold
 P - a ring of willpower
 Q - a ring of see invisible
Wands
 e - a wand of flame (77)
 s - a wand of polymorph (6)
 E - a wand of roots (15)
 F - a wand of mindburst (3)
 J - a wand of charming (6)
Scrolls
 l - 4 scrolls of fear
 K - 4 scrolls of fog
 M - a scroll of poison
Potions
 d - 3 potions of heal wounds
 h - a potion of enlightenment
 i - 10 potions of curing
 q - 3 potions of resistance
 t - 2 potions of lignification
 u - 4 potions of ambrosia
 w - a potion of invisibility
 x - a potion of might
 z - 4 potions of mutation


   Skills:
 + Level 10.6 Fighting
 + Level 8.3 Short Blades
 + Level 8.3 Long Blades
 + Level 10.6 Axes
 + Level 8.3 Maces & Flails
 + Level 10.4 Polearms
 + Level 8.3 Staves
 + Level 8.3 Ranged Weapons
 + Level 8.3 Throwing
 + Level 9.5 Armour
 + Level 9.5 Dodging
 + Level 8.3 Stealth
 + Level 8.3 Shields
 + Level 8.3 Unarmed Combat
 + Level 8.3 Spellcasting
 + Level 6.9 Conjurations
 + Level 6.9 Hexes
 + Level 6.9 Summonings
 + Level 6.9 Necromancy
 + Level 6.9 Translocations
 + Level 6.9 Fire Magic
 + Level 6.9 Ice Magic
 + Level 6.9 Air Magic
 + Level 6.9 Earth Magic
 + Level 6.9 Alchemy
 + Level 9.1 Invocations
 + Level 8.3 Evocations
 + Level 7.5 Shapeshifting


You had 28 spell levels left.
You didn't know any spells.
Your spell library was empty.

Dungeon Overview and Level Annotations

Branches:
Dungeon (12/15)            Temple (0/1) D:7            Lair (2/5) D:9
    Orc (0/2) D:12        Ossuary (visited)          Bailey (visited)
Gauntlet (1/1)
  Swamp: Lair:2-3    Shoals: Lair:2-3     Snake: Lair:2-3    Spider: Lair:2-3

Altars:
Ashenzari
Cheibriados
Elyvilon
Qazlal
Ru
Sif Muna
Uskayaw
Vehumet
Xom
Zin
The Shining One
Beogh

Shops:
D:9 [((

Annotations:
D:3 1 runed translucent door Gauntlet 7 transporters


Innate Abilities, Weirdness & Mutations

You have very sharp teeth.
Your uncanny sense of smell can sniff out nearby items.
Your experience applies equally to all skills.


Message History

You slash the small abomination!
You destroy the small abomination!
Trog accepts your kill.
You hit the large abomination.
The large abomination is lightly damaged.
You block the large abomination's attack.
You hit the large abomination.
The large abomination is lightly damaged.
The large abomination hits you!
* * * LOW HITPOINT WARNING * * *
You slash the large abomination!
The large abomination is moderately damaged.
The large abomination hits you!
* * * LOW HITPOINT WARNING * * *
You hit the large abomination but do no damage.
You bite the large abomination, but do no damage.
The large abomination is moderately damaged.
The large abomination hits you but does no damage.
The large abomination hits you.
* * * LOW HITPOINT WARNING * * *
You hit the large abomination.
The large abomination is moderately damaged.
The large abomination barely misses you.
You hit the large abomination.
Lightning courses through the large abomination!
The large abomination is heavily damaged.
You block the large abomination's attack.
You slash the large abomination!
The large abomination is severely damaged.
You block the large abomination's attack.
You hit the large abomination.
You bite the large abomination, but do no damage.
The large abomination is severely damaged.
The large abomination hits you!!
* * * LOW HITPOINT WARNING * * *
You feel much better.
You feel yourself speed up.
You block the large abomination's attack.
The large abomination hits you!!
You die...

..............≈# #
ß.ß..©.©..ß.ß.ß# ### #
..............§§# #ß#
###########################
..........≈∩§............≈###
..........................#ß#
##########...###########..###
..?.©|[..#...#...X©??..#..#
.##...##.#...#..@#.#...#..###
.#.# #.#.#...#....#....#..#ß#
.^##.##^.#...#.#..#Xx#.#..###
....©....#...#.#######.#..#
..##.##..#...#.#.©#..#.#..###
.#.###.#.#...#....#....#..#ß#
^##...##.#...#...###...#..###
J........#...#.........#..#
##########...###########..###


You could see a large abomination.

Vanquished Creatures
  Gastronok (D:11)
  A catoblepas (Lair:1)
  A boulder beetle (Lair:1)
  2 two-headed ogres
  An orc knight (Bailey)
  Maurice (D:11)
  A moth of wrath (Gauntlet)
  2 large abominations (Gauntlet)
  A gargoyle (D:12)
  4 cane toads
  An unseen horror (D:11)
  A kobold demonologist (D:8)
  A rime drake (shapeshifter) (D:9)
  3 komodo dragons
  3 blink frogs (Lair:2)
  A raiju (Gauntlet)
  5 slime creatures (D:12)
  A shadow (D:10)
  2 vampires
  2 wyverns
  3 wraiths
  21 yaks
  2 basilisks
  2 steam dragons
  2 vampire mosquitoes (D:12)
  Edmund (D:6)
  An acid dragon (D:11)
  2 water moccasins (Lair:1)
  15 orc warriors
  3 sky beasts
  The ghost of Larett the Trooper, an amateur MiBe of Trog (D:3)
  A black bear (D:5)
  10 wolves
  2 ogres
  8 centaurs
  An elf zombie (D:6)
  2 phantoms (D:5)
  7 bullfrogs
  A weeping skull (Ossuary)
  5 kobold brigands
  A gnoll sergeant (D:10)
  6 small abominations (Gauntlet)
  A water moccasin zombie (Ossuary)
  An elf skeleton (D:6)
  5 scorpions
  4 wights (D:9)
  3 killer bees
  A howler monkey (D:10)
  2 human zombies (D:6)
  3 hounds
  A bombardier beetle (D:5)
  2 jellies
  10 orc priests
  A sleepcap (D:7)
  A spectral scorpion (Ossuary)
  A gnoll bouda (D:4)
  A human skeleton (D:6)
  4 iguanas
  12 orc wizards
  A crocodile zombie (Ossuary)
  2 mummies (Ossuary)
  13 gnolls
  7 adders
  A river rat (D:3)
  2 white imps
  4 adder zombies (Ossuary)
  2 ribbon worms (D:3)
  A dart slug (D:3)
  60 orcs
  7 bats
  7 endoplasms
  6 giant cockroaches
  14 gnoll zombies (Ossuary)
  12 hobgoblins
  2 jackals (D:2)
  20 kobolds
  6 quokkas
  8 ball pythons
  7 frilled lizards
  12 goblins
  5 jackal zombies (Ossuary)
  5 orc zombies
  2 rats
391 creatures vanquished.

Vanquished Creatures (collateral kills)
  A two-headed ogre (D:12)
  An orc high priest (D:12)
  An orc (D:12)
3 creatures vanquished.

Vanquished Creatures (others)
  An ettin (D:12)
1 creature vanquished.

Grand Total: 395 creatures vanquished

Notes
Turn   | Place    | Note
-------+----------+-------------------------------------------
     0 | D:1      | jejorda2 the Gnoll Berserker began the quest for the Orb.
     0 | D:1      | Reached XP level 1. HP: 23/23 MP: 1/1
    81 | D:1      | Reached XP level 2. HP: 24/29 MP: 2/2
   414 | D:1      | Found a faded altar of an unknown god.
   535 | D:1      | Reached XP level 3. HP: 35/35 MP: 3/3
   723 | D:1      | Reached skill level 1 in Invocations
   780 | D:1      | Reached ** piety under Trog
   976 | D:1      | Reached skill level 1 in Short Blades
   976 | D:1      | Reached skill level 1 in Long Blades
   976 | D:1      | Reached skill level 1 in Maces & Flails
   976 | D:1      | Reached skill level 1 in Polearms
   976 | D:1      | Reached skill level 1 in Staves
   976 | D:1      | Reached skill level 1 in Ranged Weapons
   976 | D:1      | Reached skill level 1 in Throwing
   976 | D:1      | Reached skill level 1 in Stealth
   976 | D:1      | Reached skill level 1 in Shields
   976 | D:1      | Reached skill level 1 in Unarmed Combat
   976 | D:1      | Reached skill level 1 in Spellcasting
   976 | D:1      | Reached skill level 1 in Evocations
  1165 | D:2      | Reached skill level 1 in Shapeshifting
  1165 | D:2      | Reached XP level 4. HP: 41/41 MP: 5/5
  1293 | D:2      | Reached skill level 1 in Conjurations
  1293 | D:2      | Reached skill level 1 in Hexes
  1293 | D:2      | Reached skill level 1 in Summonings
  1293 | D:2      | Reached skill level 1 in Necromancy
  1293 | D:2      | Reached skill level 1 in Translocations
  1293 | D:2      | Reached skill level 1 in Fire Magic
  1293 | D:2      | Reached skill level 1 in Ice Magic
  1293 | D:2      | Reached skill level 1 in Air Magic
  1293 | D:2      | Reached skill level 1 in Earth Magic
  1293 | D:2      | Reached skill level 1 in Alchemy
  1841 | D:3      | Reached XP level 5. HP: 32/47 MP: 1/7
  2212 | D:3      | Reached XP level 6. HP: 42/53 MP: 6/8
  2391 | D:3      | Found a snail-covered altar of Cheibriados.
  2429 | D:3      | Found a runed translucent door.
  2431 | D:3      | Noticed Larett's ghost (amateur MiBe)
  2494 | D:3      | Found a runed translucent door.
  2500 | D:3      | Reached skill level 5 in Armour
  2500 | D:3      | Reached skill level 5 in Dodging
  2860 | D:3      | Killed Larett's ghost
  2865 | D:3      | Reached *** piety under Trog
  3075 | D:4      | Reached XP level 7. HP: 60/60 MP: 8/10
  3276 | D:4      | Identified the +0 ring mail of the Hall of Blades {Dex+5
                  | Stlth-}
  3523 | D:4      | Found a sacrificial altar of Ru.
  3766 | D:5      | Entered Level 5 of the Dungeon
  3922 | D:5      | Reached XP level 8. HP: 55/67 MP: 8/12
  4121 | D:5      | Reached **** piety under Trog
  4620 | D:6      | Found a shimmering altar of Xom.
  4622 | D:6      | Noticed Edmund
  4636 | D:6      | Killed Edmund
  4768 | D:6      | Found a glowing silver altar of Zin.
  4806 | D:6      | Reached XP level 9. HP: 71/73 MP: 12/14
  4851 | D:6      | Found a sand-covered staircase.
  4858 | Ossuary  | Entered an ossuary
  5516 | D:6      | Found a glowing golden altar of the Shining One.
  5519 | D:6      | Found a broken altar of Ashenzari.
  5830 | D:7      | Noticed a +0 dagger
  5831 | D:7      | Noticed a +0 short sword
  5832 | D:7      | Noticed a +0 spear
  5836 | D:7      | Noticed a +0 dagger
  5836 | D:7      | Noticed a +0 falchion
  5836 | D:7      | Noticed a +0 falchion
  5836 | D:7      | Noticed a +0 short sword
  5837 | D:7      | Noticed a +0 spear
  5847 | D:7      | Found a hide-covered altar of Uskayaw.
  5857 | D:7      | Reached skill level 5 in Invocations
  6055 | D:7      | Found a staircase to the Ecumenical Temple.
  6084 | D:7      | Identified the +8 chain mail "Meopn" {Int+2 Dex+3}
  6635 | D:8      | Found a flagged portal.
  6687 | Bailey   | Entered a bailey
  6811 | Bailey   | Reached skill level 5 in Short Blades
  6811 | Bailey   | Reached skill level 5 in Long Blades
  6811 | Bailey   | Reached skill level 5 in Maces & Flails
  6811 | Bailey   | Reached skill level 5 in Polearms
  6811 | Bailey   | Reached skill level 5 in Staves
  6811 | Bailey   | Reached skill level 5 in Ranged Weapons
  6811 | Bailey   | Reached skill level 5 in Throwing
  6811 | Bailey   | Reached skill level 5 in Stealth
  6811 | Bailey   | Reached skill level 5 in Shields
  6811 | Bailey   | Reached skill level 5 in Unarmed Combat
  6811 | Bailey   | Reached skill level 5 in Spellcasting
  6811 | Bailey   | Reached skill level 5 in Evocations
  6811 | Bailey   | Reached XP level 10. HP: 81/81 MP: 15/17
  7228 | Bailey   | Reached ***** piety under Trog
  7384 | Bailey   | Noticed an orc knight
  7403 | Bailey   | Killed an orc knight
  7448 | Bailey   | Acquired a manual of Polearms
  7815 | D:8      | Reached skill level 5 in Shapeshifting
  7948 | D:8      | Found a radiant altar of Vehumet.
  7986 | D:8      | Noticed a kobold demonologist
  7988 | D:8      | Noticed a soul eater
  8001 | D:8      | Killed a kobold demonologist
  8299 | D:8      | Found a shimmering blue altar of Sif Muna.
  8603 | D:9      | Found a staircase to the Lair.
  8684 | D:9      | Found Rabroser's Weapon Boutique.
  8692 | D:9      | Found Cisoi's Antique Armour Emporium.
  8771 | D:9      | Found Ysimpalyeg's Weapon Emporium.
  8774 | D:9      | Bought a +4 hand axe of electrocution for 354 gold pieces
  8774 | D:9      | Bought a +0 war axe for 42 gold pieces
  8798 | D:9      | Noticed a two-headed ogre
  8820 | D:9      | Killed a two-headed ogre
  8964 | D:9      | Reached skill level 5 in Conjurations
  8964 | D:9      | Reached skill level 5 in Hexes
  8964 | D:9      | Reached skill level 5 in Summonings
  8964 | D:9      | Reached skill level 5 in Necromancy
  8964 | D:9      | Reached skill level 5 in Translocations
  8964 | D:9      | Reached skill level 5 in Fire Magic
  8964 | D:9      | Reached skill level 5 in Ice Magic
  8964 | D:9      | Reached skill level 5 in Air Magic
  8964 | D:9      | Reached skill level 5 in Earth Magic
  8964 | D:9      | Reached skill level 5 in Alchemy
  8969 | D:9      | Reached XP level 11. HP: 89/89 MP: 20/20
  9175 | D:9      | You fall into a shaft and drop 2 floors!
  9199 | D:11     | Noticed a two-headed ogre
  9218 | D:11     | Killed a two-headed ogre
  9516 | D:11     | Noticed Gastronok
  9529 | D:11     | Killed Gastronok
  9653 | D:10     | Entered Level 10 of the Dungeon
  9653 | D:10     | Found a stormy altar of Qazlal.
  9926 | D:10     | Found a white marble altar of Elyvilon.
 11063 | D:11     | Noticed Maurice
 11074 | D:11     | Maurice stole a +0 war axe
 11078 | D:11     | Maurice stole a ring of see invisible
 11087 | D:11     | Killed Maurice
 11320 | D:12     | Found a staircase to the Orcish Mines.
 11407 | D:12     | Reached XP level 12. HP: 85/97 MP: 17/22
 11610 | D:12     | Found a transporter.
 11611 | D:12     | Found a transporter.
 11612 | D:12     | Noticed an ettin
 11614 | D:12     | Noticed an orc high priest
 11617 | D:12     | Noticed a two-headed ogre
 11619 | D:12     | Found a roughly hewn altar of Beogh.
 12220 | D:12     | Killed a two-headed ogre
 12233 | D:12     | Killed an orc high priest
 12234 | D:12     | Reached skill level 10 in Fighting
 12234 | D:12     | Reached skill level 10 in Axes
 12236 | D:12     | Killed an ettin
 12398 | Lair:1   | Entered Level 1 of the Lair of Beasts
 12405 | Lair:1   | Noticed a boulder beetle
 12648 | Lair:1   | Killed a boulder beetle
 12756 | Lair:1   | Noticed a catoblepas
 12769 | Lair:1   | Killed a catoblepas
 13470 | Lair:2   | Reached skill level 10 in Polearms
 13596 | Lair:2   | Found a gate leading to a gauntlet.
 13613 | Gauntlet | Entered a Gauntlet
 13613 | Gauntlet | Found a transporter.
 13613 | Gauntlet | Found a transporter.
 13617 | Gauntlet | Found a transporter.
 13618 | Gauntlet | Found a transporter.
 13623 | Gauntlet | Noticed a soul eater
 13627 | Gauntlet | Found a transporter.
 13627 | Gauntlet | Found a transporter.
 13631 | Gauntlet | Found a transporter.
 13641 | Gauntlet | Found a transporter.
 13733 | Gauntlet | Found a transporter.
 13735 | Gauntlet | Found a transporter.
 13747 | Gauntlet | Found a transporter.
 13757 | Gauntlet | Found a transporter.
 13758 | Gauntlet | Noticed a quicksilver ooze
 13833 | Gauntlet | Reached XP level 13. HP: 104/104 MP: 25/25
 13974 | Gauntlet | HP: 1/104 [large abomination (18)]
 13975 | Gauntlet | Mangled by a large abomination

Illustrated notes

Levels and vault maps discovered:
D:1:      wheals_arrival_shading, layout_loops_corners,
          shapermc_ecumenical_altar_mp_highgroup, minmay_octomino_j4
D:2:      layout_loops_cross, nicolae_figureground_sparkle
D:3:      layout_loops_ring, kennysheep_slug_shrine, ebering_ghost_sewer_f
D:4:      layout_basic, nicolae_ru_great_annihilating_truth, serial_library,
          serial_library_hellmonk_h_bend, serial_library_hellmonk_hallway_a,
          serial_library_hellmonk_junction,
          serial_library_hellmonk_double_dead_end,
          serial_library_hellmonk_filled_rooms, serial_library_hellmonk_h_bend,
          serial_library_regret_index_small_wings,
          serial_library_hellmonk_u_bend
D:5:      layout_basic
D:6:      layout_basic, mainiacjoe_overflow_small_starburst,
          nicolae_overflow_squiral, zin_statuary,
          nicolae_ossuary_entry_catacombs, uniq_edmund
D:7:      layout_loops_ring, nicolae_uskayaw_en_pointe,
          minmay_temple_entry_stoned_glass
D:8:      layout_basic, lemuel_doored_altar, vehumet_altar_wand_db,
          enter_bailey_3, nicolae_water_bricks, dk_noncrumbling_3
D:9:      layout_roguey, erik_lair_orcish_takeover, serial_shops,
          nicolae_shop_behind_doors, shop, shop
D:10:     layout_gridville, mainiacjoe_overflow_paths,
          overflow_temple_1_default, kennysheep_pointless_box,
          blue_anna_alchemist
D:11:     layout_basic, uniq_maurice, uniq_gastronok
D:12:     gammafunk_beogh_shrine, layout_cave_pods
Lair:1:   layout_concentric_octagons, nicolae_quartered_pool_medium,
          hibernation_bobbens, grunt_megastairs_4
Lair:2:   layout_gridlike, gauntlet_entry_generic,
          chequers_serial_rivers_small_a, st_stairs_11, lemuel_oklob_altar,
          infiniplex_staircase_pool
Gauntlet: gammafunk_gauntlet_hard_choice [gammafunk_gauntlet_arena_split_x,
          gammafunk_gauntlet_arena_split_diamond,
          gammafunk_gauntlet_arena_spirals, gammafunk_gauntlet_arena_grid,
          gammafunk_gauntlet_arena_corners, nicolae_gauntlet_arena_t_cross,
          gauntlet_exit_green]

Skill      XL: |  1  2  3  4  5  6  7  8  9 10 11 12 13 |
---------------+----------------------------------------+-----
Invocations    | 1 2 3 4 5 6 7 8 9 |  9.1
Short Blades   | 1 2 3 5 6 7 8 |  8.3
Long Blades    | 1 2 3 5 6 7 8 |  8.3
Maces & Flails | 1 2 3 5 6 7 8 |  8.3
Polearms       | 1 2 3 5 6 8 10 | 10.4
Staves         | 1 2 3 5 6 7 8 |  8.3
Ranged Weapons | 1 2 3 5 6 7 8 |  8.3
Throwing       | 1 2 3 5 6 7 8 |  8.3
Stealth        | 1 2 3 5 6 7 8 |  8.3
Shields        | 1 2 3 5 6 7 8 |  8.3
Unarmed Combat | 1 2 3 5 6 7 8 |  8.3
Spellcasting   | 1 2 3 5 6 7 8 |  8.3
Evocations     | 1 2 3 5 6 7 8 |  8.3
Shapeshifting  | 1 2 3 4 5 6 7 |  7.5
Conjurations   | 1 2 3 4 5 6 |  6.9
Hexes          | 1 2 3 4 5 6 |  6.9
Summonings     | 1 2 3 4 5 6 |  6.9
Necromancy     | 1 2 3 4 5 6 |  6.9
Translocations | 1 2 3 4 5 6 |  6.9
Fire Magic     | 1 2 3 4 5 6 |  6.9
Ice Magic      | 1 2 3 4 5 6 |  6.9
Air Magic      | 1 2 3 4 5 6 |  6.9
Earth Magic    | 1 2 3 4 5 6 |  6.9
Alchemy        | 1 2 3 4 5 6 |  6.9
Armour         | 5 6 7 8 9 |  9.5
Dodging        | 5 6 7 8 9 |  9.5
Fighting       | 7 8 9 10 | 10.6
Axes           | 7 8 9 10 | 10.6

Action                     |  1- 3 |  4- 6 |  7- 9 | 10-12 | 13-15 || total
---------------------------+-------+-------+-------+-------+-------++-------
  Melee: Hand axe          |    91 |   242 |   185 |   483 |    45 ||  1046
         Bite              |    10 |    27 |    41 |    70 |     5 ||   153
         Flail             |       |       |   205 |    37 |       ||   242
         Trident           |       |       |       |     7 |       ||     7
  Throw: Dart              |       |       |     4 |    20 |       ||    24
 Invoke: Berserk           |       |     4 |     4 |    11 |     1 ||    20
         Trog's Hand       |       |     1 |       |    10 |       ||    11
         Brothers in Arms  |       |       |       |     2 |       ||     2
  Evoke: Wand              |       |       |       |     4 |       ||     4
    Use: Scroll            |       |       |    15 |    10 |       ||    25
         Potion            |       |       |       |     4 |     1 ||     5
   Stab: Paralysed         |       |       |     1 |       |       ||     1
         Invisible         |       |       |       |    11 |       ||    11
 Armour: Animal skin       |    11 |       |       |       |       ||    11
         Leather armour    |    27 |       |       |       |       ||    27
         Ring mail         |     3 |    15 |       |       |       ||    18
         Scale mail        |       |    28 |       |       |       ||    28
         Chain mail        |       |    98 |   296 |   398 |    34 ||   826
  Dodge: Dodged            |    52 |    90 |   150 |   223 |    20 ||   535
  Block: Buckler           |       |    23 |    79 |   133 |    14 ||   249

Table legend: (Time is in decaauts)
 A = Elapsed time spent in this place.
 B = Non-inter-level travel time spent in this place.
 C = Inter-level travel time spent in this place.
 D = Time resting spent in this place.
 E = Time spent auto-exploring this place.
 F = Levels seen in this place.
 G = Mean time per level.
                   A        B        C        D        E       F      G
               +--------+--------+--------+--------+--------+-----+--------+
         Total |  14180 |  13479 |    701 |   1136 |   9022 |  17 |  834.1 |
       Dungeon |  11755 |  11064 |    691 |    783 |   7873 |  12 |  979.6 |
          Lair |   1009 |   1000 |      9 |      0 |    685 |   2 |  504.5 |
       Ossuary |    216 |    216 |      0 |      0 |     93 |   1 |  216.0 |
        Bailey |    843 |    843 |      0 |    342 |    215 |   1 |  843.0 |
      Gauntlet |    356 |    356 |      0 |     11 |    155 |   1 |  356.0 |
               +--------+--------+--------+--------+--------+-----+--------+

Top non-repeatable levels by time:
     D:8: 1295 daAuts
     D:1: 1125 daAuts
    D:10: 1086 daAuts
     D:3: 1080 daAuts
     D:6: 1015 daAuts
    D:12: 999 daAuts
     D:9: 956 daAuts
    D:11: 946 daAuts
  Lair:1: 857 daAuts
     D:5: 849 daAuts
  Bailey: 843 daAuts
     D:4: 810 daAuts
     D:7: 798 daAuts
     D:2: 791 daAuts
Gauntlet: 356 daAuts
